 Dungeon Crawl Stone Soup version 0.29-a0-330-g52719c12eb (webtiles) character file.

Game seed: 11670347461418660168

588 Crownlay the Firebug (level 7, -1/51 HPs)
             Began as a Gnoll Fire Elementalist on May 3, 2022.
             Slain by a hornet (7 damage)
             ... on level 5 of the Dungeon.
             The game lasted 00:08:53 (4564 turns).

Crownlay the Firebug (Gnoll Fire Elementalist)      Turns: 4564, Time: 00:08:53

Health: -1/51      AC:  5    Str:  6 (7)  XL:     7   Next: 38%
Magic:  7/15       EV: 13    Int: 15 (17) God:
Gold:   341        SH:  5    Dex: 10 (12) Spells: 8/17 levels left

rFire   + . .      SeeInvis .   z - +7 staff of the Meek {protect, meekguard}
rCold   x . .      Faith    .   (shield currently unavailable)
rNeg    + . .      Spirit   .   a - +0 robe
rPois   .          Reflect  +   l - +0 helmet
rElec   .          Harm     .   (no cloak)
rCorr   .          Rampage  .   (no gloves)
Will    .....                   o - +1 pair of boots
Stlth   +++.......              E - amulet of reflection
HPRegen 0.17/turn               s - ring of fire
MPRegen 0.14/turn               r - ring of positive energy

@: lethally poisoned (-1 -> -11)
A: fangs 1, strong nose, distributed training
a: no special abilities


You were on level 5 of the Dungeon.
You visited 1 branch of the dungeon, and saw 5 of its levels.
You also visited: Sewer.

You collected 354 gold pieces.
You spent 13 gold pieces at shops.

Inventory:

Hand Weapons
 i - a +2 trident of venom
 z - the +7 staff of the Meek (weapon) {protect, meekguard}
   (You found it in a sewer)

   It grants its wielder temporary protection when it strikes (+7 to AC).
   It provides extra protection to wielders with little health.
Armour
 a - a +0 robe (worn)
 l - a +0 helmet (worn)
 o - a +1 pair of boots (worn)
Magical Staves
 g - a staff of earth
Jewellery
 q - a ring of resist corrosion
 r - a ring of positive energy (right hand)
 s - a ring of fire (left hand)
 E - an amulet of reflection (around neck)
Wands
 y - a wand of flame (11)
Scrolls
 c - 2 scrolls of enchant armour
 d - a scroll of fog
 m - a scroll of brand weapon {unknown}
 n - 4 scrolls of teleportation
 t - a scroll of acquirement {unknown}
 u - a scroll of magic mapping {unknown}
 v - 3 scrolls of summoning
 w - a scroll of enchant weapon {unknown}
 B - a scroll of immolation {unknown}
 C - a scroll of holy word {unknown}
 D - a scroll of amnesia {unknown}
Potions
 b - 4 potions of magic
 e - 2 potions of lignification {unknown}
 f - a potion of attraction {unknown}
 h - 2 potions of degeneration
 j - a potion of flight {unknown}
 k - 2 potions of mutation {unknown}
 p - a potion of invisibility {unknown}
 x - 2 potions of haste {unknown}
 A - 2 potions of curing {unknown}


   Skills:
 + Level 2.4 Fighting
 + Level 2.4 Short Blades
 + Level 2.4 Long Blades
 + Level 2.4 Axes
 + Level 2.4 Maces & Flails
 + Level 2.4 Polearms
 + Level 2.4 Staves
 + Level 2.4 Slings
 + Level 2.4 Bows
 + Level 2.4 Crossbows
 + Level 2.4 Throwing
 + Level 2.4 Armour
 + Level 5.2 Dodging
 + Level 4.9 Stealth
 + Level 2.4 Shields
 + Level 2.4 Unarmed Combat
 + Level 5.6 Spellcasting
 + Level 3.0 Conjurations
 + Level 2.0 Hexes
 + Level 2.0 Summonings
 + Level 2.0 Necromancy
 + Level 2.0 Translocations
 + Level 2.0 Transmutations
 + Level 5.8 Fire Magic
 + Level 2.0 Ice Magic
 + Level 2.0 Air Magic
 + Level 2.0 Earth Magic
 + Level 2.0 Poison Magic
 + Level 2.7 Invocations
 + Level 2.4 Evocations


You had 8 spell levels left.
You knew the following spells:

 Your Spells              Type           Power      Damage    Failure   Level
a - Foxfire               Conj/Fire      100%       2x1d9     2%          1
b - Scorch                Fire           64%        2d8       1%          2
c - Inner Flame           Hex/Fire       24%        N/A       9%          3
d - Dazzling Flash        Conj/Hex       22%        N/A       16%         3

Your spell library contained the following spells:

 Spells                   Type           Power      Damage    Failure   Level
 Conjure Flame            Conj/Fire      26%        6-21      8%          3
 Confusing Touch          Hex            10%        N/A       21%         3
 Flame Wave               Conj/Fire      26%        2d7       26%         4
 Agony                    Necr           10%        N/A       88%         5
 Silence                  Hex/Air        5%         N/A       88%         5
 Yara's Violent Unravell  Hex/Tmut       5%         3d4       88%         5
 Enfeeble                 Hex            5%         N/A       100%        7


Dungeon Overview and Level Annotations

Branches:
Dungeon (5/15)             Temple (0/1) D:5           Sewer (visited)

Altars:

Shops:
D:1 *

Annotations:
D:5 Ijyb


Innate Abilities, Weirdness & Mutations

You have very sharp teeth.
Your uncanny sense of smell can sniff out nearby items.
Your experience applies equally to all skills.


Message History

The hornet stings you.
You are poisoned.
You feel as though you will be slow longer.
An orc comes into view. It is wielding a +0 club.
You block the hornet's attack.
Casting: Foxfire (safe; 2% risk of failure)
Confirm with . or Enter, or press ? or * to list all spells.
You feel a surge of power!
Flames lash the hornet.
The hornet is almost dead.
The hornet's fire resistance burns away.
You feel very sick.
The foxfire hits the hornet but does no damage.
The hornet is almost dead.
The foxfire hits the hornet.
The hornet is burned terribly!
The hornet is almost dead.
The hornet stings you.
You are more poisoned.
You suddenly lose the ability to move!
The hornet stings you but does no damage.
The scorpion stings you but does no damage.
You feel very sick.
Ijyb is no longer more vulnerable to fire.
The hornet stings you.
You shrug off the repeated paralysis!
The scorpion stings you.
The hornet stings you but does no damage.
You feel yourself speed up.
You feel very sick. The scorpion stings you.
* * * LOW HITPOINT WARNING * * *
The hornet stings you but does no damage.
You can move again.
It was a potion of degeneration.
There was something very wrong with that liquid.
You feel weakened.
You feel dopey.
You feel clumsy.
* * * LOW HITPOINT WARNING * * *
You feel sick. The hornet stings you.
* * * LOW HITPOINT WARNING * * *
You shrug off the repeated paralysis!
The scorpion barely misses you. The scorpion closely misses you.
The hornet stings you!
You die...

#...#.#. ##
..........# .
..#.#.#...###
..#.......#...#.
#...#.>.#...#...
..#....go.#....
#...#.#y#...###
#...s@......#
#..#.#...##.#
#......###
####...#.##
.........#
.######.## #...#
#.#########
#.####..........


You could see a hornet (combustible), Ijyb, a scorpion and an orc.

Vanquished Creatures
  A water moccasin (Sewer)
  A black bear (D:4)
  A jelly (D:4)
  2 iguanas
  Natasha (thrice) (D:3)
  5 gnolls
  3 river rats (D:3)
  5 adders
  2 ufetubi (D:4)
  4 worms
  3 dart slugs
  An orc (D:3)
  2 ball pythons (D:1)
  12 endoplasms
  3 giant cockroaches
  6 goblins
  9 hobgoblins
  9 jackals
  3 quokkas
  3 bats
  4 frilled lizards
  11 kobolds
  8 rats
101 creatures vanquished.

Vanquished Creatures (others)
  277 foxfires
277 creatures vanquished.

Grand Total: 378 creatures vanquished

Notes
Turn   | Place    | Note
-------+----------+-------------------------------------------
     0 | D:1      | Crownlay the Gnoll Fire Elementalist began the quest for
                  | the Orb.
     0 | D:1      | Reached XP level 1. HP: 13/13 MP: 6/6
   234 | D:1      | Reached XP level 2. HP: 19/19 MP: 0/7
   329 | D:1      | Found Bydut's General Store.
   369 | D:1      | Bought a scroll of noise for 13 gold pieces
   425 | D:1      | Learned a level 2 spell: Scorch
   727 | D:1      | Reached XP level 3. HP: 25/25 MP: 7/9
   803 | D:1      | Reached skill level 5 in Spellcasting
   945 | D:1      | Reached skill level 1 in Invocations
  1018 | D:1      | Learned a level 3 spell: Inner Flame
  1327 | D:2      | Reached skill level 1 in Fighting
  1327 | D:2      | Reached skill level 1 in Short Blades
  1327 | D:2      | Reached skill level 1 in Long Blades
  1327 | D:2      | Reached skill level 1 in Axes
  1327 | D:2      | Reached skill level 1 in Maces & Flails
  1327 | D:2      | Reached skill level 1 in Polearms
  1327 | D:2      | Reached skill level 1 in Staves
  1327 | D:2      | Reached skill level 1 in Slings
  1327 | D:2      | Reached skill level 1 in Bows
  1327 | D:2      | Reached skill level 1 in Crossbows
  1327 | D:2      | Reached skill level 1 in Throwing
  1327 | D:2      | Reached skill level 1 in Armour
  1327 | D:2      | Reached skill level 1 in Shields
  1327 | D:2      | Reached skill level 1 in Unarmed Combat
  1327 | D:2      | Reached skill level 1 in Evocations
  1533 | D:2      | Reached XP level 4. HP: 25/32 MP: 9/11
  2262 | D:3      | Reached skill level 1 in Hexes
  2262 | D:3      | Reached skill level 1 in Summonings
  2262 | D:3      | Reached skill level 1 in Necromancy
  2262 | D:3      | Reached skill level 1 in Translocations
  2262 | D:3      | Reached skill level 1 in Transmutations
  2262 | D:3      | Reached skill level 1 in Ice Magic
  2262 | D:3      | Reached skill level 1 in Air Magic
  2262 | D:3      | Reached skill level 1 in Earth Magic
  2262 | D:3      | Reached skill level 1 in Poison Magic
  2282 | D:3      | Reached XP level 5. HP: 37/37 MP: 1/12
  2324 | D:3      | Found a faded altar of an unknown god.
  2345 | D:3      | Noticed Natasha
  2350 | D:3      | Killed Natasha
  2693 | D:3      | Found a glowing drain.
  2703 | Sewer    | Entered a sewer
  2868 | Sewer    | Noticed a water moccasin
  2872 | Sewer    | Killed a water moccasin
  2873 | Sewer    | Reached skill level 5 in Dodging
  2873 | Sewer    | Reached XP level 6. HP: 37/44 MP: 9/14
  2979 | Sewer    | Found the +7 staff of the Meek {protect, meekguard}
  3020 | Sewer    | Learned a level 3 spell: Dazzling Flash
  3419 | D:3      | Noticed Natasha
  3424 | D:3      | Killed Natasha
  3725 | D:3      | Noticed Natasha
  3733 | D:3      | Killed Natasha
  4246 | D:4      | Noticed a black bear
  4250 | D:4      | Killed a black bear
  4251 | D:4      | Reached XP level 7. HP: 51/51 MP: 9/15
  4495 | D:5      | Entered Level 5 of the Dungeon
  4553 | D:5      | Found a staircase to the Ecumenical Temple.
  4554 | D:5      | Noticed a hornet
  4555 | D:5      | Noticed Ijyb
  4561 | D:5      | Paralysed by a hornet for 3 turns
  4564 | D:5      | Slain by a hornet

Illustrated notes

Levels and vault maps discovered:
D:1:      wander_arrival_desolate, layout_basic, serial_shops, shop,
          st_stairs_14
D:2:      layout_basic
D:3:      layout_loops_cross, dreamdust_ecumenical_altar_statues,
          lightli_sewer_entry_pipes, st_stairs_10, hangedman_decor_points,
          kennysheep_small_spiral, uniq_natasha
D:4:      layout_basic, minmay_misc_feat_iff
D:5:      layout_basic, minmay_temple_entry_sparse_star, uniq_ijyb,
          uniq_prince_ribbit1, uniq_grinder

Skill      XL: |  1  2  3  4  5  6  7 |
---------------+----------------------+-----
Conjurations   | 2 3 |  3.0
Spellcasting   | 5 |  5.6
Invocations    | 1 2 |  2.7
Fighting       | 1 2 |  2.4
Short Blades   | 1 2 |  2.4
Long Blades    | 1 2 |  2.4
Axes           | 1 2 |  2.4
Maces & Flails | 1 2 |  2.4
Polearms       | 1 2 |  2.4
Staves         | 1 2 |  2.4
Slings         | 1 2 |  2.4
Bows           | 1 2 |  2.4
Crossbows      | 1 2 |  2.4
Throwing       | 1 2 |  2.4
Armour         | 1 2 |  2.4
Shields        | 1 2 |  2.4
Unarmed Combat | 1 2 |  2.4
Evocations     | 1 2 |  2.4
Hexes          | 1 2 |  2.0
Summonings     | 1 2 |  2.0
Necromancy     | 1 2 |  2.0
Translocations | 1 2 |  2.0
Transmutations | 1 2 |  2.0
Ice Magic      | 1 2 |  2.0
Air Magic      | 1 2 |  2.0
Earth Magic    | 1 2 |  2.0
Poison Magic   | 1 2 |  2.0
Dodging        | 5 |  5.2
Stealth        | |  4.9
Fire Magic     | |  5.8

Action                   |  1- 3 |  4- 6 |  7- 9 || total
-------------------------+-------+-------+-------++-------
Melee: Unarmed           |     5 |       |       ||     5
       Trident           |    20 |    28 |       ||    48
       Bite              |     3 |     2 |     1 ||     6
       Dagger            |     2 |       |       ||     2
       Punch             |       |     2 |       ||     2
       Quarterstaff      |       |     5 |     2 ||     7
 Cast: Foxfire           |    65 |    87 |    11 ||   163
       Scorch            |       |     5 |     6 ||    11
  Use: Scroll            |       |     4 |     1 ||     5
       Potion            |       |       |     1 ||     1
 Stab: Sleeping          |     2 |     1 |       ||     3
Armor: Robe              |     9 |     2 |     5 ||    16
Dodge: Dodged            |    24 |    18 |     4 ||    46
Block: Other             |       |       |     2 ||     2

Table legend: (Time is in decaauts)
 A = Elapsed time spent in this place.
 B = Non-inter-level travel time spent in this place.
 C = Inter-level travel time spent in this place.
 D = Time resting spent in this place.
 E = Time spent auto-exploring this place.
 F = Levels seen in this place.
 G = Mean time per level.
                   A        B        C        D        E       F      G
               +--------+--------+--------+--------+--------+-----+--------+
         Total |   4619 |   4335 |    284 |      0 |   3484 |   6 |  769.8 |
       Dungeon |   4277 |   3993 |    284 |      0 |   3189 |   5 |  855.4 |
         Sewer |    342 |    342 |      0 |      0 |    295 |   1 |  342.0 |
               +--------+--------+--------+--------+--------+-----+--------+

Top non-repeatable levels by time:
     D:3: 1269 daAuts
     D:1: 1264 daAuts
     D:2: 990 daAuts
     D:4: 683 daAuts
   Sewer: 342 daAuts
     D:5: 69 daAuts
